2856 views
Uploaded 2020-02-14 19:58:14
Game version 1.32 / 1.32.1
6:27 long 3on3 ladder game on (6)TimbermawHold
Saved by BEARAND
2856 views
Uploaded 2020-02-14 19:58:14
Game version 1.32 / 1.32.1
6:27 long 3on3 ladder game on (6)TimbermawHold


40 units @ 3k
/ 0k
47 buildings @ 3.7k
/ 1.5k

| Staff of Teleportation | 1 | 150 |
| Boots of Speed | 1 | 250 |
| Healing Salve | 1 | 100 |
| total: | 3 | 500g |
| Peasant | 14 | 1050 | / | 0 |
| total: | 14 | 1050g | / | 0w |
| Scout Tower | 11 | 330 | / | 220 |
| Arcane Tower | 1 | 70 | / | 50 |
| Guard Tower | 10 | 700 | / | 500 |
| Altar of Kings | 1 | 180 | / | 50 |
| Farm | 4 | 320 | / | 80 |
| Lumber Mill | 1 | 120 | / | 0 |
| Keep | 1 | 320 | / | 210 |
| total: | 17 | 950g | / | 350w |
| 0:01 | Peasant |
| 0:06 | Altar of Kings |
| 0:11 | Peasant |
| 0:11 | Peasant |
| 0:17 | Farm |
| 0:19 | Peasant |
| 0:36 | Peasant |
| 0:55 | Farm |
| 0:57 | Peasant |
| 1:03 | Lumber Mill |
| 1:15 | Scout Tower |
| 1:21 | Peasant |
| 1:30 | Peasant |
| 1:31 | Peasant |
| 1:41 | Scout Tower |
| 1:42 | Arcane Tower |
| 1:45 | Peasant |
| 1:45 | Peasant |
| 1:48 | Scout Tower |
| 2:01 | Peasant |
| 2:06 | Guard Tower |
| 2:08 | Blizzard |
| 2:22 | Guard Tower |
| 2:28 | Scout Tower |
| 2:30 | Scout Tower |
| 2:44 | Peasant |
| 2:44 | Peasant |
| 2:58 | Guard Tower |
| 3:00 | Scout Tower |
| 3:01 | Scout Tower |
| 3:05 | Improved Masonry |
| 3:22 | Scout Tower |
| 3:25 | Scout Tower |
| 3:29 | Guard Tower |
| 3:49 | Staff of Teleportation |
| 3:53 | Boots of Speed |
| 3:59 | Guard Tower |
| 5:04 | Keep |
| 5:06 | Farm |
| 5:06 | Farm |
| 5:10 | Healing Salve |
| 5:22 | Guard Tower |
| 5:24 | Scout Tower |
| 5:25 | Scout Tower |
| Right click | 535 |
| Select | 121 |
| Build/train/purchase | 55 |
| Select group | 29 |
| Assign group | 12 |
| Use ability | 8 |
| Chat | 8 |
| Minimap ping | 2 |

| Healing Salve | 1 | 100 |
| Boots of Speed | 1 | 250 |
| total: | 2 | 350g |
| Peon | 12 | 900 | / | 0 |
| total: | 12 | 900g | / | 0w |
| Watch Tower | 5 | 550 | / | 400 |
| Altar of Storms | 1 | 180 | / | 50 |
| Orc Burrow | 3 | 480 | / | 120 |
| War Mill | 1 | 205 | / | 0 |
| Voodoo Lounge | 2 | 260 | / | 60 |
| Beastiary | 1 | 145 | / | 140 |
| Stronghold | 1 | 315 | / | 190 |
| total: | 13 | 1820g | / | 770w |
| 0:02 | Peon |
| 0:02 | Peon |
| 0:05 | Altar of Storms |
| 0:18 | Orc Burrow |
| 0:32 | Peon |
| 0:40 | War Mill |
| 0:44 | Peon |
| 1:02 | Voodoo Lounge |
| 1:08 | Peon |
| 1:16 | Peon |
| 1:30 | Peon |
| 1:41 | Orc Burrow |
| 1:51 | Peon |
| 2:05 | Wind Walk |
| 2:09 | Peon |
| 2:19 | Healing Salve |
| 2:28 | Peon |
| 2:32 | Voodoo Lounge |
| 2:51 | Peon |
| 2:51 | Peon |
| 3:51 | Watch Tower |
| 3:53 | Watch Tower |
| 4:04 | Stronghold |
| 4:51 | Orc Burrow |
| 4:58 | Watch Tower |
| 5:07 | Boots of Speed |
| 5:25 | Watch Tower |
| 5:53 | Critical Strike |
| 6:01 | Watch Tower |
| 6:25 | Beastiary |
| Right click | 363 |
| Select | 71 |
| Build/train/purchase | 23 |
| Assign group | 4 |
| Select group | 2 |

| Peasant | 14 | 1050 | / | 0 |
| total: | 14 | 1050g | / | 0w |
| Scout Tower | 11 | 330 | / | 220 |
| Arcane Tower | 4 | 280 | / | 200 |
| Guard Tower | 7 | 490 | / | 350 |
| Altar of Kings | 1 | 180 | / | 50 |
| Farm | 4 | 320 | / | 80 |
| Lumber Mill | 1 | 120 | / | 0 |
| Keep | 1 | 320 | / | 210 |
| total: | 17 | 950g | / | 350w |
| 0:03 | Altar of Kings |
| 0:05 | Peasant |
| 0:05 | Peasant |
| 0:21 | Farm |
| 0:26 | Peasant |
| 0:37 | Lumber Mill |
| 0:39 | Peasant |
| 0:56 | Scout Tower |
| 0:57 | Peasant |
| 1:00 | Farm |
| 1:12 | Peasant |
| 1:22 | Scout Tower |
| 1:27 | Peasant |
| 1:34 | Peasant |
| 1:46 | Peasant |
| 1:50 | Peasant |
| 1:52 | Arcane Tower |
| 1:54 | Scout Tower |
| 1:57 | Peasant |
| 2:07 | Blizzard |
| 2:09 | Peasant |
| 2:14 | Arcane Tower |
| 2:31 | Scout Tower |
| 2:32 | Guard Tower |
| 2:36 | Peasant |
| 2:58 | Scout Tower |
| 2:59 | Guard Tower |
| 3:02 | Farm |
| 3:03 | Farm |
| 3:08 | Peasant |
| 3:25 | Guard Tower |
| 3:29 | Scout Tower |
| 3:51 | Scout Tower |
| 4:08 | Keep |
| 4:23 | Brilliance Aura |
| 4:30 | Guard Tower |
| 4:31 | Scout Tower |
| 4:32 | Scout Tower |
| 4:35 | Improved Masonry |
| 4:35 | Advanced Masonry |
| 5:05 | Guard Tower |
| 5:30 | Guard Tower |
| 5:32 | Scout Tower |
| 5:32 | Scout Tower |
| 6:13 | Guard Tower |
| Assign group | 445 |
| Right click | 268 |
| Select group | 128 |
| Select | 69 |
| Build/train/purchase | 39 |
| Chat | 37 |
| Use ability | 10 |
| Misc. action | 7 |
/ 0.2k
19 buildings @ 3.3k
/ 1k

| Wisp | 9 | 540 | / | 0 |
| Archer | 10 | 1300 | / | 100 |
| total: | 19 | 1840g | / | 100w |
| Ancient of War | 1 | 150 | / | 60 |
| Moon Well | 4 | 720 | / | 160 |
| Altar of Elders | 1 | 180 | / | 50 |
| Hunter's Hall | 1 | 210 | / | 100 |
| Tree of Ages | 1 | 320 | / | 180 |
| total: | 7 | 1260g | / | 370w |
| 0:04 | Wisp |
| 0:04 | Wisp |
| 0:15 | Ancient of War |
| 0:17 | Moon Well |
| 0:23 | Altar of Elders |
| 0:31 | Wisp |
| 0:42 | Wisp |
| 1:00 | Wisp |
| 1:17 | Wisp |
| 1:28 | Archer |
| 1:32 | Wisp |
| 1:46 | Moon Well |
| 1:54 | Archer |
| 2:41 | Archer |
| 2:42 | Archer |
| 2:42 | Archer |
| 2:48 | Moon Well |
| 2:54 | Summon Lava Spawn |
| 3:02 | Wisp |
| 3:27 | Archer |
| 3:31 | Hunter's Hall |
| 3:35 | Wisp |
| 4:09 | Tree of Ages |
| 4:15 | Archer |
| 4:15 | Archer |
| 5:05 | Archer |
| 5:05 | Archer |
| 5:09 | Moon Well |
| Right click | 134 |
| Select | 79 |
| Build/train/purchase | 25 |
| Chat | 19 |
| Use ability | 6 |
| Minimap ping | 2 |

| Acolyte | 4 | 300 | / | 0 |
| Ghoul | 9 | 1080 | / | 0 |
| total: | 13 | 1380g | / | 0w |
| Nerubian Tower | 1 | 100 | / | 20 |
| Ziggurat | 4 | 600 | / | 200 |
| Crypt | 2 | 400 | / | 100 |
| Altar of Darkness | 1 | 180 | / | 50 |
| total: | 7 | 1180g | / | 350w |
| 0:04 | Acolyte |
| 0:05 | Acolyte |
| 0:30 | Ziggurat |
| 0:32 | Crypt |
| 0:37 | Altar of Darkness |
| 1:08 | Ziggurat |
| 1:35 | Crypt |
| 2:02 | Ghoul |
| 2:02 | Ghoul |
| 2:25 | Ghoul |
| 2:38 | Vampiric Aura |
| 2:41 | Ghoul |
| 2:41 | Ghoul |
| 2:43 | Ghoul |
| 3:09 | Nerubian Tower |
| 3:17 | Ghoul |
| 3:18 | Ghoul |
| 3:55 | Acolyte |
| 3:55 | Acolyte |
| 4:20 | Ziggurat |
| 4:46 | Ziggurat |
| 5:32 | Ghoul |
| Right click | 113 |
| Select | 65 |
| Chat | 45 |
| Select group | 29 |
| Build/train/purchase | 16 |
| Assign group | 5 |
| Misc. action | 4 |
| Minimap ping | 2 |

| Wisp | 18 | 1080 | / | 0 |
| Huntress | 5 | 975 | / | 100 |
| total: | 23 | 2055g | / | 100w |
| Altar of Elders | 1 | 180 | / | 50 |
| Moon Well | 2 | 360 | / | 80 |
| Hunter's Hall | 1 | 210 | / | 100 |
| Ancient of War | 1 | 150 | / | 60 |
| total: | 5 | 900g | / | 290w |
| 0:04 | Altar of Elders |
| 0:06 | Wisp |
| 0:06 | Wisp |
| 0:32 | Moon Well |
| 0:36 | Wisp |
| 0:51 | Wisp |
| 1:13 | Wisp |
| 1:35 | Wisp |
| 1:41 | Hunter's Hall |
| 1:44 | Ancient of War |
| 1:52 | Wisp |
| 1:53 | Wisp |
| 2:01 | Moon Well |
| 2:29 | Force of Nature |
| 2:54 | Strength of the Moon |
| 3:15 | Huntress |
| 3:24 | Huntress |
| 3:26 | Wisp |
| 3:26 | Wisp |
| 3:27 | Wisp |
| 3:51 | Huntress |
| 4:17 | Wisp |
| 4:18 | Wisp |
| 4:37 | Wisp |
| 4:38 | Wisp |
| 4:38 | Wisp |
| 5:25 | Huntress |
| 5:27 | Moon Armor |
| 5:34 | Wisp |
| 5:34 | Wisp |
| 5:36 | Huntress |
| Right click | 74 |
| Select | 62 |
| Select group | 36 |
| Build/train/purchase | 28 |
| Misc. action | 10 |
| Assign group | 6 |
| Use ability | 1 |
⇛